 Dungeon Crawl Stone Soup version 0.28.0-47-ge53b351184 (webtiles) character file.

Game seed: 9281191726100270691

342 Antesink77 the Ducker (level 6, -2/61 HPs)
             Began as a Troll Fighter on May 7, 2022.
             Slain by a goblin
             ... wielding a +0 club
             ... led by Robin
              (5 damage)
             ... on level 4 of the Dungeon.
             The game lasted 00:11:34 (2529 turns).

Antesink77 the Ducker (Troll Fighter)               Turns: 2529, Time: 00:11:37

Health: -2/61      AC:  4    Str: 27    XL:     6   Next: 30%
Magic:  5/5        EV:  7    Int: 10    God:
Gold:   116        SH: 11    Dex:  9    Spells: 5/5 levels left

rFire   . . .      SeeInvis .   j - +0 mace (drain)
rCold   . . .      Faith    .   l - +0 tower shield
rNeg    . . .      Spirit   .   b - +0 robe
rPois   .          Reflect  .   (helmet restricted)
rElec   .          Harm     .   (no cloak)
rCorr   .          Rampage  .   (gloves unavailable)
Will    .....                   (boots unavailable)
Stlth   +.........              (no amulet)
HPRegen 1.00/turn               n - +6 ring of intelligence
MPRegen 0.09/turn               (no ring)

@: no status effects
A: large, unfitting armour, claws 3, regeneration 1, shaggy fur 1, tough skin 1
a: no special abilities


You were on level 4 of the Dungeon.
You visited 1 branch of the dungeon, and saw 4 of its levels.

You collected 116 gold pieces.

Inventory:

Hand Weapons
 a - a +0 long sword
 j - a +0 mace of draining (weapon)
Missiles
 g - 2 poisoned darts (quivered)
 z - 51 sling bullets
Armour
 b - a +0 robe (worn)
 c - a +0 kite shield
 l - a +0 tower shield (worn)
 m - a +0 ring mail
 v - a +0 helmet
Jewellery
 n - a +6 ring of intelligence (left claw)
Wands
 y - a wand of iceblast (8)
Scrolls
 h - a scroll of noise {unknown}
 i - 3 scrolls of enchant weapon {unknown}
 k - 2 scrolls of blinking {unknown}
 p - a scroll of brand weapon {unknown}
 s - 2 scrolls of teleportation {unknown}
 t - a scroll of vulnerability {unknown}
 x - a scroll of fear {unknown}
Potions
 d - a potion of haste {unknown}
 f - 2 potions of flight
 o - a potion of curing
 q - 2 potions of degeneration
 r - a potion of lignification {unknown}
 u - a potion of heal wounds {unknown}
 w - a potion of berserk rage {unknown}


   Skills:
 + Level 3.1 Fighting
 + Level 2.0 Long Blades
 + Level 2.7 Maces & Flails
 + Level 3.7 Dodging
 + Level 0.2 Stealth
 + Level 3.5 Shields


You had 5 spell levels left.
You didn't know any spells.
Your spell library was empty.

Dungeon Overview and Level Annotations

Branches:
Dungeon (4/15)
 Temple: D:4-7

Altars:


Innate Abilities, Weirdness & Mutations

You are too large for most types of armour.
You have claws for hands.
Your natural rate of healing is unusually fast.
You are covered in fur. (AC +1)
You have tough skin. (AC +1)


Message History

You block the goblin's attack. The goblin barely misses you.
The goblin hits you with a +0 club.
You hit Robin.
Robin is moderately wounded.
The goblin closely misses you. Robin barely misses you.
The goblin hits you but does no damage. You block the goblin's attack. x2
The goblin barely misses you. Robin hits you but does no damage.
The goblin hits you but does no damage. x2
You hit Robin. You drain Robin.
Robin is severely wounded.
The goblin hits you with a +0 club. You block the goblin's attack.
The goblin barely misses you. The goblin hits you but does no damage.
You block the goblin's attack. The goblin barely misses you.
The goblin hits you but does no damage.
You completely miss Robin.
Robin is severely wounded.
Robin roars a battlecry!
The goblin barely misses you. The goblin hits you but does no damage.
You block the goblin's attack. The goblin hits you with a +0 dagger.
The goblin barely misses you. You block Robin's attack.
The goblin hits you but does no damage. The goblin hits you with a +0 club.
You hit Robin. You drain Robin.
Robin is almost dead.
The goblin completely misses you. The goblin hits you but does no damage.
You block the goblin's attack. The goblin hits you with a +0 club.
You block the goblin's attack. x2; The goblin hits you but does no damage.
The goblin closely misses you.
You hit Robin.
You kill Robin!
The goblin no longer looks unusually strong.
The goblin hits you with a +0 dagger.
* * * LOW HITPOINT WARNING * * *
The goblin hits you with a +0 club.
* * * LOW HITPOINT WARNING * * *
You block the goblin's attack. The goblin hits you with a +0 dagger.
* * * LOW HITPOINT WARNING * * *
You block the goblin's attack. The goblin hits you with a +0 dagger.
* * * LOW HITPOINT WARNING * * *
The goblin hits you with a +0 club.
You die...

.....# ##.## ..#.#
##...## ##
..###.#.###.....##
......#.#.##.......##
#. #...............#
#.. ###.#.##.......##
#..####.#.###(....##
#..ggg....##.#...#.#
#gg@gg.####.##.##.#
#..g##### #. ####.#
#.... ##.###.##
#..... #...## #......
#...##.# +...... ...
#.# #...... # #.#
##..... #.# #.#


You could see a hobgoblin (strong) and 7 goblins.

Vanquished Creatures
  An ogre (D:4)
  A hound (D:4)
  2 orc wizards (D:3)
  A killer bee zombie (D:3)
  3 hound skeletons (D:4)
  Robin (D:4)
  3 gnolls (D:4)
  4 adders
  A dart slug (D:1)
  3 orcs
  2 ball pythons
  3 endoplasms
  2 giant cockroaches
  3 hobgoblins
  5 jackals
  A quokka (D:2)
  9 bats
  4 frilled lizards
  4 goblins
  4 kobolds
  5 rats
62 creatures vanquished.

Notes
Turn   | Place    | Note
-------+----------+-------------------------------------------
     0 | D:1      | Antesink77 the Troll Fighter began the quest for the Orb.
     0 | D:1      | Reached XP level 1. HP: 22/22 MP: 0/0
   184 | D:1      | Reached XP level 2. HP: 29/29 MP: 1/1
   904 | D:2      | Found a faded altar of an unknown god.
   915 | D:2      | Reached XP level 3. HP: 36/36 MP: 2/2
  1502 | D:3      | Reached skill level 1 in Maces & Flails
  1502 | D:3      | Reached XP level 4. HP: 11/44 MP: 3/3
  2065 | D:4      | Reached XP level 5. HP: 52/52 MP: 4/4
  2081 | D:4      | Noticed an ogre
  2165 | D:4      | Killed an ogre
  2166 | D:4      | Reached XP level 6. HP: 61/61 MP: 5/5
  2517 | D:4      | Noticed Robin
  2529 | D:4      | Killed Robin
  2529 | D:4      | HP: 3/61 [goblin/+0 dagger[Robin] (5)]
  2529 | D:4      | Slain by a goblin

Illustrated notes

Levels and vault maps discovered:
D:1:      dpeg_arrival_tiny_h, layout_rooms
D:2:      layout_basic, ebering_ecumenical_altar_sacrificial
D:3:      layout_loops_ring, minmay_misc_feat_rows
D:4:      minmay_spotlight, layout_loops_corners, chequers_avenue,
          roderic_serpentine_path, uniq_robin

Skill      XL: |  1  2  3  4  5 |
---------------+----------------+-----
Long Blades    | 2 |  2.0
Maces & Flails | 1 2 |  2.7
Dodging        | 3 |  3.7
Shields        | 3 |  3.5
Fighting       | 3 |  3.1
Stealth        | |  0.2

Action                   |  1- 3 |  4- 6 || total
-------------------------+-------+-------++-------
Melee: Long sword        |    41 |       ||    41
       Mace              |    63 |    95 ||   158
  Use: Potion            |     1 |     1 ||     2
       Scroll            |       |     3 ||     3
Armor: Robe              |    73 |    50 ||   123
Dodge: Dodged            |    77 |    54 ||   131
Block: Kite shield       |    42 |       ||    42
       Tower shield      |    45 |   101 ||   146
